 Dungeon Crawl Stone Soup version 0.28-a0-793-g31680bbd8b (webtiles) character file.

Game seed: 12366576770509072087

4417 bande the Cleaver (level 10, 0/61 HPs)
             Began as a Gargoyle Fighter on Nov 4, 2021.
             Was a Priest of Okawaru.
             Slain by an acid dragon (6 damage)
             ... on level 8 of the Dungeon on Nov 5, 2021.
             The game lasted 00:16:58 (11602 turns).

bande the Cleaver (Gargoyle Fighter)               Turns: 11602, Time: 00:16:58

Health: 0/61       AC: 20    Str: 20    XL:     10   Next: 36%
Magic:  13/13      EV:  6    Int: 10    God:    Okawaru [***...]
Gold:   200        SH:  5    Dex: 11    Spells: 9/9 levels left

rFire   . . .      SeeInvis .   f - +5 hand axe (vorpal)
rCold   . . .      Faith    .   c - +0 buckler
rNeg    + + .      Spirit   .   u - +0 plate armour
rPois   ∞          Reflect  .   x - +0 helmet
rElec   +          Harm     .   l - +1 cloak
rCorr   .          Rampage  .   (no gloves)
Will    .....                   (no boots)
Stlth   ..........              (no amulet)
HPRegen 0.20/turn               b - ring of positive energy
MPRegen 0.13/turn               r - +4 ring of protection

@: corroded
A: sickness immunity, AC +7, negative energy resistance 1, electricity
resistance, torment resistance 1, petrification resistance
a: Renounce Religion, Heroism


You were on level 8 of the Dungeon.
You worshipped Okawaru.
Okawaru was most pleased with you.
You visited 2 branches of the dungeon, and saw 9 of its levels.

You collected 326 gold pieces.
You spent 126 gold pieces at shops.

Inventory:

Hand Weapons
 a - a +1 war axe
 f - a +5 vorpal hand axe (weapon)
 j - a +1 flail of draining
Armour
 c - a +0 buckler (worn)
 l - a +1 cloak (worn)
 u - a +0 plate armour (worn)
 x - a +0 helmet (worn)
Jewellery
 b - a ring of positive energy (left hand)
 k - an amulet of the acrobat
 o - a ring of flight
 p - a ring of fire
 r - a +4 ring of protection (right hand)
 v - a ring of ice
Wands
 g - a wand of flame (29)
 w - a wand of iceblast (2)
Scrolls
 y - a scroll of identify
Potions
 d - 2 potions of might
 h - 2 potions of brilliance
 i - a potion of magic
 m - a potion of berserk rage
 n - 2 potions of curing
 q - a potion of flight
 s - 2 potions of invisibility {unknown}
 t - a potion of ambrosia {unknown}
 z - a potion of haste {unknown}


   Skills:
 + Level 6.9 Fighting
 + Level 9.0 Axes
 + Level 8.2 Armour
 - Level 0.1 Dodging
 + Level 5.5 Shields
 * Level 4.3 Invocations
 * Level 3.3 Evocations


You had 9 spell levels left.
You didn't know any spells.
Your spell library contained the following spells:

 Spells                   Type           Power      Damage    Failure   Level
 Beastly Appendage        Tmut           0%         N/A       100%        1
 Sandblast                Erth           0%         2d4       100%        1
 Passwall                 Tmut/Erth      0%         N/A       100%        2
 Wereblood                Tmut           0%         N/A       100%        2
 Spider Form              Tmut/Pois      0%         N/A       100%        3
 Stone Arrow              Conj/Erth      0%         3d7       100%        3


Dungeon Overview and Level Annotations

Branches:
Dungeon (8/15)             Temple (1/1) D:5
   Lair: D:8-11

Altars:
Ashenzari
Cheibriados
Dithmenos
Elyvilon
Fedhas
Gozag
Hepliaklqana
Kikubaaqudgha
Makhleb
Nemelex Xobeh
Okawaru
Qazlal
Ru
Sif Muna
Trog
Uskayaw
Vehumet
Wu Jian
Xom
Yredelemnul
Zin
The Shining One

Shops:
D:2 (   D:3 ?


Innate Abilities, Weirdness & Mutations

You are immune to sickness and miasma.
Your stone body is resilient. (AC +7)
You are immune to poison.
You resist negative energy. (rN+)
You are resistant to electric shocks. (rElec)
You are resistant to unholy torment.
You are immune to petrification.


Message History

You hit the acid dragon.
The acid dragon is heavily wounded.
The acid dragon spits acid at you. The splash of acid hits you!!
* * * LOW HITPOINT WARNING * * *
You are too injured to fight recklessly!
You are too injured to fight recklessly!
You are too injured to fight recklessly!
You are too injured to fight recklessly!
You are too injured to fight recklessly!
You are too injured to fight recklessly!
You are too injured to fight recklessly!
You are too injured to fight recklessly!
You feel much better. The acid dragon spits acid at you.
The splash of acid hits you!! The acid corrodes you!
You hit the acid dragon.
The acid dragon is heavily wounded.
The acid dragon bites you but does no damage.
You block the acid dragon's attack.
You barely miss the acid dragon.
The acid dragon is heavily wounded.
The acid dragon barely misses you.
The acid dragon claws you but does no damage.
You hit the acid dragon but do no damage.
The acid dragon is heavily wounded.
You closely miss the acid dragon.
The acid dragon is heavily wounded.
The acid dragon bites you!
* * * LOW HITPOINT WARNING * * *
The acid dragon claws you but does no damage.
You closely miss the acid dragon.
The acid dragon is heavily wounded.
The acid dragon spits acid at you. The splash of acid hits you!
* * * LOW HITPOINT WARNING * * *
You hit the acid dragon but do no damage.
The acid dragon is heavily wounded.
The acid dragon bites you.
You die...

######.##### ##...#
*,,,,,,,* ** #.# #....#
*,**,**,* ,****#.# #.#.##
*,**,**,*
,,,,,<.#***#####...####
*,**,,,,,
,****####,,...........#
*,*****,* ,*
#.####..#.....##*,,,,,,,*
,*
#..............#####*****
,* *,*#......#........#
** *,*#.#(D@.....[###.#
*,*#.#..#.....## #.#
*,,......#....# #.###
*.......#..#### #...#
#....(..##.#**######.##
####.##.....,,#......)#
#######....,#.####))#
#.....#.....#.###...#
#.....#....,#.##..#.#


You could see an acid dragon (catching breath).

Vanquished Creatures
  A two-headed ogre (D:8)
  Pikel (D:4)
  A hornet (D:7)
  2 yaks (D:8)
  A human (D:8)
  2 hogs (D:8)
  Menkaure (D:4)
  A water moccasin (D:6)
  An orc warrior (D:6)
  A sky beast (D:7)
  A necrophage (D:6)
  3 ogres
  2 centaurs (D:7)
  Blork the orc (D:4)
  A kobold brigand (D:7)
  A bullfrog (D:6)
  A scorpion (D:7)
  A water moccasin zombie (D:5)
  A bullfrog zombie (D:5)
  A bullfrog skeleton (D:5)
  2 jellies
  2 centaur zombies
  2 centaur skeletons
  4 orc priests
  Crazy Yiuf (D:6)
  3 hounds
  Jessica (D:2)
  Ijyb (D:5)
  Terence (D:2)
  8 iguanas
  10 orc wizards
  A hound zombie (D:5)
  2 hound skeletons (D:4)
  A howler monkey zombie (D:6)
  2 howler monkey skeletons
  7 adders
  4 gnolls (D:7)
  A white imp (D:6)
  A dart slug (D:3)
  22 orcs
  5 ball pythons
  11 endoplasms
  A giant cockroach (D:4)
  5 goblins
  5 hobgoblins
  4 jackals (D:1)
  6 quokkas
  5 bats
  13 kobolds
  6 rats
  2 rat zombies (D:4)
164 creatures vanquished.

Notes
Turn   | Place    | Note
-------+----------+-------------------------------------------
     0 | D:1      | bande the Gargoyle Fighter began the quest for the Orb.
     0 | D:1      | Reached XP level 1. HP: 14/14 MP: 1/1
   111 | D:1      | Reached XP level 2. HP: 14/19 MP: 2/2
   266 | D:1      | Found a faded altar of an unknown god.
   588 | D:1      | Reached skill level 2 in Axes
   884 | D:1      | Reached XP level 3. HP: 24/24 MP: 3/3
  1744 | D:2      | Found Uha Gugh's Antique Weapon Shop.
  1771 | D:2      | Noticed Jessica
  1781 | D:2      | Killed Jessica
  1782 | D:2      | Reached XP level 4. HP: 26/29 MP: 4/4
  1844 | D:2      | Noticed Terence
  1853 | D:2      | Killed Terence
  1854 | D:2      | Reached skill level 3 in Axes
  2381 | D:3      | Reached XP level 5. HP: 31/33 MP: 5/5
  2410 | D:3      | Found Omazxyi's Magic Scroll Emporium.
  3276 | D:4      | Reached skill level 4 in Axes
  3289 | D:4      | Reached XP level 6. HP: 38/38 MP: 6/6
  4515 | D:4      | Found a sacrificial altar of Ru.
  4515 | D:4      | Found a basalt altar of Yredelemnul.
  4522 | D:4      | Reached XP level 7. HP: 44/44 MP: 7/7
  4563 | D:4      | Noticed Pikel
  4595 | D:4      | Killed Pikel
  4596 | D:4      | Reached skill level 5 in Fighting
  4596 | D:4      | Reached skill level 5 in Axes
  4596 | D:4      | Reached skill level 5 in Armour
  4596 | D:4      | Reached XP level 8. HP: 23/49 MP: 8/8
  4977 | D:5      | Entered Level 5 of the Dungeon
  4993 | D:5      | Noticed Ijyb
  5003 | D:5      | Reached skill level 6 in Axes
  5010 | D:5      | Killed Ijyb
  5973 | D:4      | Found a shimmering altar of Xom.
  5973 | D:4      | Noticed Blork the orc
  5990 | D:4      | Killed Blork the orc
  6173 | D:4      | Noticed Menkaure
  6181 | D:4      | HP: 2/49 [Menkaure (17)]
  6183 | D:4      | Killed Menkaure
  6577 | D:4      | Found an ancient bone altar of Kikubaaqudgha.
  7040 | D:5      | Reached skill level 7 in Axes
  7230 | D:5      | Found a staircase to the Ecumenical Temple.
  7253 | Temple   | Entered the Ecumenical Temple
  7297 | Temple   | Became a worshipper of Warmaster Okawaru
  7782 | D:6      | Reached XP level 9. HP: 43/55 MP: 9/9
  8138 | D:2      | Bought a runed hand axe for 126 gold pieces
  8225 | D:6      | Reached skill level 1 in Invocations
  8564 | D:6      | Reached skill level 1 in Evocations
  8939 | D:6      | Reached skill level 5 in Shields
  9059 | D:6      | Reached * piety under Okawaru
  9414 | D:6      | Found a runed translucent door.
  9414 | D:6      | Noticed Crazy Yiuf
  9426 | D:6      | Killed Crazy Yiuf
  9721 | D:7      | Reached skill level 8 in Axes
  9780 | D:7      | Noticed a hornet
  9790 | D:7      | Killed a hornet
  9944 | D:7      | Reached ** piety under Okawaru
 10988 | D:8      | Noticed a two-headed ogre
 11000 | D:8      | Killed a two-headed ogre
 11001 | D:8      | Reached XP level 10. HP: 40/61 MP: 12/12
 11505 | D:8      | Reached skill level 9 in Axes
 11509 | D:8      | Reached *** piety under Okawaru
 11602 | D:8      | Slain by an acid dragon

Illustrated notes

Levels and vault maps discovered:
D:1:      eino_arrival_cavern_b, layout_basic, ebering_ecumenical_altar_hall
D:2:      layout_basic, serial_shops, shop, uniq_terence, uniq_jessica
D:3:      layout_loops_cross, serial_shops, nicolae_shop_waterfront
D:4:      layout_basic, lemuel_zombie_altar_kikubaaqudgha,
          overflow_temple_1_default, gammafunk_temple_overflow_pools,
          uniq_menkaure, uniq_pikel, uniq_blork_the_orc
D:5:      layout_loops_ring, minmay_temple_entry_crystal_x, uniq_ijyb
D:6:      layout_loops_ring, st_stairs_12, uniq_crazy_yiuf_cottage
D:7:      layout_basic
D:8:      kennysheep_steamy, layout_loops_cross, grunt_livestock
Temple:   compressed_dpeg_circular_temple

Skill      XL: |  1  2  3  4  5  6  7  8  9 10 |
---------------+-------------------------------+-----
Axes           | 2 3 4 5 7 8 9 |  9.0
Armour         | 4 5 6 8 |  8.2
Fighting       | 4 5 6 |  6.9
Shields        | 4 5 |  5.5
Invocations    | 3 4 |  4.3
Evocations     | 3 |  3.3
Dodging        | |  0.1

Action                   |  1- 3 |  4- 6 |  7- 9 | 10-12 || total
-------------------------+-------+-------+-------+-------++-------
Melee: War axe           |    91 |   177 |   187 |       ||   455
       Hand axe          |       |       |   153 |    70 ||   223
  Use: Scroll            |       |     4 |     9 |     1 ||    14
       Potion            |       |     1 |     2 |     1 ||     4
Armor: Scale mail        |    52 |   102 |    51 |       ||   205
       Chain mail        |       |       |    82 |       ||    82
       Plate armour      |       |       |    70 |    36 ||   106
Dodge: Dodged            |    53 |    86 |   101 |    15 ||   255
Block: Buckler           |    24 |    28 |    66 |    13 ||   131

Table legend: (Time is in decaauts)
 A = Elapsed time spent in this place.
 B = Non-inter-level travel time spent in this place.
 C = Inter-level travel time spent in this place.
 D = Time resting spent in this place.
 E = Time spent auto-exploring this place.
 F = Levels seen in this place.
 G = Mean time per level.
                   A        B        C        D        E       F      G
               +--------+--------+--------+--------+--------+-----+--------+
         Total |  11720 |  11421 |    299 |   3686 |   5848 |   9 | 1302.2 |
       Dungeon |  11640 |  11341 |    299 |   3686 |   5822 |   8 | 1455.0 |
        Temple |     79 |     79 |      0 |      0 |     26 |   1 |   79.0 |
               +--------+--------+--------+--------+--------+-----+--------+

Top non-repeatable levels by time:
     D:4: 2850 daAuts
     D:6: 1722 daAuts
     D:3: 1474 daAuts
     D:1: 1441 daAuts
     D:7: 1364 daAuts
     D:5: 1172 daAuts
     D:2: 1000 daAuts
     D:8: 614 daAuts
  Temple: 79 daAuts
